 Dungeon Crawl Stone Soup version 0.19.3-1-g3169bf9 (webtiles) character file.

89 Alarkh the Chopper (level 4, 0/40 HPs)
             Began as a Deep Dwarf Monk on Jan 24, 2017.
             Slain by an adder (3 damage)
             ... on level 2 of the Dungeon.
             The game lasted 00:02:45 (1666 turns).

Alarkh the Chopper (Deep Dwarf Monk)                Turns: 1666, Time: 00:02:46

Health: 0/40       AC:  3    Str: 14    XL:     4   Next: 31%
Magic:  4/4        EV: 13    Int: 12    God:
Gold:   64         SH:  0    Dex: 15    Spells: 0 memorised, 3 levels left

rFire  . . .     SeeInvis .     a - +0 hand axe
rCold  . . .     Gourm    .     b - +0 robe
rNeg   . . .     Faith    .     (no shield)
rPois  .         Spirit   .     (no helmet)
rElec  .         Reflect  .     (no cloak)
rCorr  .         Harm     .     (no gloves)
MR     .....                    n - +0 pair of boots
Stlth  ++........               (no amulet)
                                (no ring)
                                (no ring)

@: lethally poisoned (0 -> 0), non-regenerating
A: damage resistance, recharge devices, sense surroundings 1, slow regeneration
3
a: Device Recharging


You were on level 2 of the Dungeon.
You were not hungry.

You visited 1 branch of the dungeon, and saw 2 of its levels.

You collected 64 gold pieces.

Inventory:

Hand Weapons
 a - a +0 hand axe (weapon)
Armour
 b - a +0 robe (worn)
 n - a +0 pair of boots (worn)
Wands
 c - a wand of heal wounds (5/9)
Scrolls
 e - a scroll of identify
 i - a scroll of teleportation {unknown}
 j - a scroll of noise {unknown}
 k - a scroll of random uselessness {unknown}
 q - 2 scrolls of enchant weapon {unknown}
Potions
 f - a potion of heal wounds
 l - a potion of brilliance
 m - a potion of flight
 o - a potion of curing
 r - a potion of magic {unknown}
 t - a potion of lignification {unknown}
 u - 2 potions of cure mutation {unknown}
Comestibles
 d - 2 bread rations
 g - 2 meat rations
 h - 2 beef jerkies
 p - 3 fruits
 s - 3 chunks of flesh


   Skills:
 - Level 2.6 Fighting
 + Level 5.7 Axes
 - Level 3.2 Dodging
 - Level 2.4 Stealth


You had 3 spell levels left.
You didn't know any spells.

Dungeon Overview and Level Annotations

Branches:
Dungeon (2/15)

Altars:


Innate Abilities, Weirdness & Mutations

You are resistant to damage.
You can recharge devices by infusing magical energy.
You passively map a small area around you.
You do not regenerate.


Message History

* * * LOW HITPOINT WARNING * * *
You hit the adder but do no damage.
The adder is almost dead.
You closely miss the goblin. The adder bites you.
* * * LOW HITPOINT WARNING * * *
You are more poisoned.
The adder poisons you! The goblin completely misses you.
You miss the goblin. You hit the adder. The adder bites you but does no damage.
The goblin barely misses you. The adder bites you.
You are more poisoned.
The adder poisons you!
You hit the goblin but do no damage. You closely miss the adder.
The goblin barely misses you. The adder bites you.
* * * LOW HITPOINT WARNING * * *
You miss the goblin. You barely miss the adder. The adder bites you.
The goblin hits you but does no damage.
You hit the goblin.
You kill the goblin!
You hit the adder but do no damage. The adder bites you.
You die...

#.# #..#...####.##.# #.#
#....#......##.#
###.###.##...#######.# *
#######............# ##.# *
.....[....###.##...######..# *
* #........######...##.## *,*
#.#####...........##.#
#.#######.#####...........##.##
#.........##.(@(########)......
#######(#.##.S#.# ##.###<##
#.####§'### #..# #.#
#.#≈§§.)≈≈§# #.## #.#
#.#≈§§..≈≈≈# #.# #.#
#.#§§§..§≈≈# #.# #.#
#.#≈.§$...≈# #># #.#
###.#≈...§§§≈# #.# #.#
##.#.#§≈§§.§§§# #.####.##


You could see an adder.

Vanquished Creatures
  3 adders (D:2)
  A worm (D:2)
  A dart slug (D:1)
  3 leopard geckos
  4 bats
  3 giant cockroaches
  5 goblins
  5 hobgoblins
  6 jackals
  6 frilled lizards
  7 kobolds
  11 rats
55 creatures vanquished.

Notes
Turn   | Place    | Note
-------+----------+-------------------------------------------
     0 | D:1      | Alarkh the Deep Dwarf Monk began the quest for the Orb.
     0 | D:1      | Reached XP level 1. HP: 20/20 MP: 1/1
   189 | D:1      | Reached XP level 2. HP: 22/27 MP: 2/2
   191 | D:1      | Reached skill level 4 in Axes
   722 | D:1      | Reached XP level 3. HP: 21/33 MP: 3/3
  1256 | D:2      | Reached skill level 5 in Axes
  1516 | D:2      | Reached XP level 4. HP: 10/40 MP: 4/4
  1666 | D:2      | Slain by an adder

Skill      XL: |  1  2  3 |
---------------+----------+-----
Axes           | 4 5 |  5.7
Fighting       | |  2.6
Dodging        | |  3.2
Stealth        | |  2.4

Action                   |  1- 3 |  4- 6 || total
-------------------------+-------+-------++-------
Melee: Hand axe          |   181 |    26 ||   207
  Use: Scroll            |     3 |       ||     3
       Potion            |     1 |       ||     1
 Stab: Sleeping          |    11 |     1 ||    12
       Distracted        |     1 |       ||     1
  Eat: Chunk             |     2 |     1 ||     3
Armor: Robe              |    20 |     5 ||    25
Dodge: Dodged            |   120 |    21 ||   141
